 Dungeon Crawl Stone Soup version 0.28.0-53-g5a82cb258f (webtiles) character file.

Game seed: 17810127976108900151

131 jiml777 the Gusty (level 5, -3/37 HPs)
             Began as a Gnoll Air Elementalist on July 7, 2022.
             Slain by an orc
             ... wielding a +0 whip
              (4 damage)
             ... on level 3 of the Dungeon.
             The game lasted 00:13:59 (2866 turns).

jiml777 the Gusty (Gnoll Air Elementalist)          Turns: 2866, Time: 00:14:00

Health: -3/37      AC:  3    Str:  8    XL:     5   Next: 14%
Magic:  12/12      EV: 12    Int: 16    God:
Gold:   47         SH:  0    Dex: 12    Spells: 11/14 levels left

rFire   . . .      SeeInvis .   l - +0 whip (flame)
rCold   . . .      Faith    .   (no shield)
rNeg    . . .      Spirit   .   f - +0 leather armour
rPois   .          Reflect  .   (no helmet)
rElec   .          Harm     .   (no cloak)
rCorr   .          Rampage  .   (no gloves)
Will    .....                   (no boots)
Stlth   ++........              (no amulet)
HPRegen 0.12/turn               h - ring of wizardry
MPRegen 0.13/turn               (no ring)

@: no status effects
A: fangs 1, strong nose, distributed training
a: no special abilities


You were on level 3 of the Dungeon.
You visited 1 branch of the dungeon, and saw 3 of its levels.

You collected 47 gold pieces.

Inventory:

Hand Weapons
 g - a +0 club
 l - a +0 whip of flaming (weapon)
Missiles
 e - 25 arrows
 i - a throwing net
 q - 2 silver boomerangs
Armour
 a - a +0 robe
 f - a +0 leather armour (worn)
Jewellery
 h - a ring of wizardry (left hand)
Wands
 j - a wand of flame (10)
Scrolls
 c - a scroll of identify {unknown}
 d - a scroll of amnesia {unknown}
 m - 2 scrolls of blinking {unknown}
Potions
 b - a potion of magic {unknown}
 k - a potion of attraction {unknown}
 n - a potion of might {unknown}
 o - a potion of heal wounds {unknown}
 p - a potion of brilliance {unknown}


   Skills:
 + Level 1.4 Fighting
 + Level 1.4 Short Blades
 + Level 1.4 Long Blades
 + Level 1.4 Axes
 + Level 1.4 Maces & Flails
 + Level 1.4 Polearms
 + Level 1.4 Staves
 + Level 1.4 Slings
 + Level 1.4 Bows
 + Level 1.4 Crossbows
 + Level 1.4 Throwing
 + Level 1.4 Armour
 + Level 4.7 Dodging
 + Level 4.3 Stealth
 + Level 1.4 Shields
 + Level 1.4 Unarmed Combat
 + Level 5.1 Spellcasting
 + Level 2.3 Conjurations
 + Level 1.1 Hexes
 + Level 1.1 Summonings
 + Level 1.1 Necromancy
 + Level 1.1 Translocations
 + Level 1.1 Transmutations
 + Level 1.1 Fire Magic
 + Level 1.1 Ice Magic
 + Level 5.5 Air Magic
 + Level 1.1 Earth Magic
 + Level 1.1 Poison Magic
 + Level 1.5 Invocations
 + Level 1.4 Evocations


You had 11 spell levels left.
You knew the following spells:

 Your Spells              Type           Power      Damage    Failure   Level
a - Shock                 Conj/Air       64%        1d7       1%          1
b - Static Discharge      Conj/Air       16%        N/A       2%          2

Your spell library contained the following spells:

 Spells                   Type           Power      Damage    Failure   Level
 Swiftness                Air            21%        N/A       2%          3
 Summon Small Mammal      Summ           28%        N/A       5%          1
 Airstrike                Air            10%        N/A       9%          4
 Call Canine Familiar     Summ           7%         N/A       16%         3
 Summon Guardian Golem    Hex/Summ       7%         N/A       16%         3
 Conjure Ball Lightning   Conj/Air       8%         3x3d6     91%         6
 Discord                  Hex            3%         N/A       100%        8
 Disjunction              Tloc           3%         N/A       100%        8


Dungeon Overview and Level Annotations

Branches:
Dungeon (3/15)

Altars:
Vehumet

Shops:
D:2 =

Annotations:
D:3 2 runed translucent doors


Innate Abilities, Weirdness & Mutations

You have very sharp teeth.
Your uncanny sense of smell can sniff out nearby items.
Your experience applies equally to all skills.


Message History

You now have 47 gold pieces (gained 13).
An orc comes into view. It is wielding a +0 whip.
The orc hits you but does no damage. The orc hits you with a +0 whip.
The orc closely misses you. The orc hits you with a +0 whip.
The orc misses you. The orc hits you but does no damage.
The orc barely misses you. The orc hits you with a +0 whip.
The orc closely misses you. The orc barely misses you. The orc misses you.
The orc completely misses you. The orc hits you with a +0 whip.
The orc hits you with a +0 whip. The orc hits you with a +0 whip.
The orc barely misses you. The orc hits you with a +0 whip.
* * * LOW HITPOINT WARNING * * *
The orc closely misses you. The orc misses you.
The orc hits you with a +0 whip.
* * * LOW HITPOINT WARNING * * *
The orc hits you but does no damage. The orc hits you with a +0 whip.
* * * LOW HITPOINT WARNING * * *
The orc hits you with a +0 whip.
* * * LOW HITPOINT WARNING * * *
The orc barely misses you. The orc closely misses you.
The orc barely misses you. The orc hits you with a +0 whip.
* * * LOW HITPOINT WARNING * * *
The orc barely misses you. The orc barely misses you.
The orc hits you with a +0 whip.
* * * LOW HITPOINT WARNING * * *
The orc hits you with a +0 whip.
You die...

# #.r# #.......... #
#..# #..[....... #
#..# #.......... ##
.... ##..........
.########..^........
....................
..##.............###
.###......########
####......#.....@#
..........#.####o##
..........#.# ##...
......#####.#.....##
......# #...#.###.#
...†..# #.........#
......###...#.#####
..............#
..........###.#


You could see an orc.

Vanquished Creatures
  An orc priest (D:3)
  5 adders
  3 dart slugs
  4 orcs (D:3)
  2 ball pythons
  2 endoplasms (D:1)
  2 giant cockroaches
  3 goblins
  8 hobgoblins
  4 jackals (D:2)
  2 kobolds (D:2)
  3 bats (D:1)
  A frilled lizard (D:1)
  5 rats
45 creatures vanquished.

Notes
Turn   | Place    | Note
-------+----------+-------------------------------------------
     0 | D:1      | jiml777 the Gnoll Air Elementalist began the quest for the
                  | Orb.
     0 | D:1      | Reached XP level 1. HP: 13/13 MP: 6/6
   389 | D:1      | Reached XP level 2. HP: 11/19 MP: 5/7
   752 | D:1      | Found a faded altar of an unknown god.
   813 | D:1      | Learned a level 2 spell: Static Discharge
  1284 | D:2      | Reached XP level 3. HP: 25/25 MP: 6/9
  1289 | D:2      | Reached skill level 5 in Spellcasting
  1385 | D:2      | Reached skill level 1 in Invocations
  1462 | D:2      | Reached skill level 1 in Fighting
  1462 | D:2      | Reached skill level 1 in Short Blades
  1462 | D:2      | Reached skill level 1 in Long Blades
  1462 | D:2      | Reached skill level 1 in Axes
  1462 | D:2      | Reached skill level 1 in Maces & Flails
  1462 | D:2      | Reached skill level 1 in Polearms
  1462 | D:2      | Reached skill level 1 in Staves
  1462 | D:2      | Reached skill level 1 in Slings
  1462 | D:2      | Reached skill level 1 in Bows
  1462 | D:2      | Reached skill level 1 in Crossbows
  1462 | D:2      | Reached skill level 1 in Throwing
  1462 | D:2      | Reached skill level 1 in Armour
  1462 | D:2      | Reached skill level 1 in Shields
  1462 | D:2      | Reached skill level 1 in Unarmed Combat
  1462 | D:2      | Reached skill level 1 in Evocations
  1729 | D:2      | Found Uvygrig's One-of-a-Kind Rings.
  1762 | D:2      | Reached XP level 4. HP: 32/32 MP: 9/11
  2223 | D:3      | Found a radiant altar of Vehumet.
  2318 | D:3      | Reached skill level 1 in Hexes
  2318 | D:3      | Reached skill level 1 in Summonings
  2318 | D:3      | Reached skill level 1 in Necromancy
  2318 | D:3      | Reached skill level 1 in Translocations
  2318 | D:3      | Reached skill level 1 in Transmutations
  2318 | D:3      | Reached skill level 1 in Fire Magic
  2318 | D:3      | Reached skill level 1 in Ice Magic
  2318 | D:3      | Reached skill level 1 in Earth Magic
  2318 | D:3      | Reached skill level 1 in Poison Magic
  2506 | D:3      | Found a large runed translucent door.
  2507 | D:3      | Found a large runed translucent door.
  2533 | D:3      | Reached XP level 5. HP: 28/37 MP: 12/12
  2865 | D:3      | HP: 1/37 [orc/+0 whip (1)]
  2866 | D:3      | Slain by an orc

Illustrated notes

Levels and vault maps discovered:
D:1:      dpeg_arrival_arbitrary_b, layout_loops_ring, basic_ecumenical_altar
D:2:      layout_loops_ring, grunt_ministairs_13, nicolae_shop_unique_rings
D:3:      layout_basic, nicolae_vehumet_radiance, jmf_multi_god_temple2,
          minmay_puff

Skill      XL: |  1  2  3  4 |
---------------+-------------+-----
Conjurations   | 2 |  2.3
Spellcasting   | 5 |  5.1
Invocations    | 1 |  1.5
Fighting       | 1 |  1.4
Short Blades   | 1 |  1.4
Long Blades    | 1 |  1.4
Axes           | 1 |  1.4
Maces & Flails | 1 |  1.4
Polearms       | 1 |  1.4
Staves         | 1 |  1.4
Slings         | 1 |  1.4
Bows           | 1 |  1.4
Crossbows      | 1 |  1.4
Throwing       | 1 |  1.4
Armour         | 1 |  1.4
Shields        | 1 |  1.4
Unarmed Combat | 1 |  1.4
Evocations     | 1 |  1.4
Hexes          | 1 |  1.1
Summonings     | 1 |  1.1
Necromancy     | 1 |  1.1
Translocations | 1 |  1.1
Transmutations | 1 |  1.1
Fire Magic     | 1 |  1.1
Ice Magic      | 1 |  1.1
Earth Magic    | 1 |  1.1
Poison Magic   | 1 |  1.1
Dodging        | |  4.7
Stealth        | |  4.3
Air Magic      | |  5.5

Action                   |  1- 3 |  4- 6 || total
-------------------------+-------+-------++-------
Melee: Club              |    31 |       ||    31
       Unarmed           |     5 |       ||     5
       Bite              |     5 |     3 ||     8
       Whip              |    21 |    35 ||    56
       Punch             |       |     1 ||     1
 Cast: Shock             |    39 |    12 ||    51
 Stab: Sleeping          |     4 |     1 ||     5
Armor: Leather armour    |    22 |     8 ||    30
Dodge: Dodged            |    69 |    38 ||   107
